 Dungeon Crawl Stone Soup version 0.25-a0-571-gb5e01bddfa (webtiles) character file.

Game seed: 17138511740295464080, levelgen mode: deterministic

311962 vurker the Cloud Mage (level 20, -12/118 HPs)
             Began as a Felid Air Elementalist on Feb 28, 2020.
             Was the Champion of Vehumet.
             Killed from afar by a starcursed mass (19 damage)
             ... with an accursed screaming
             ... on level 5 of the Abyss on Feb 29, 2020.
             The game lasted 02:37:57 (114702 turns).

vurker the Cloud Mage (Felid Air Elementalist)    Turns: 114702, Time: 02:37:58

Health: -12/118    AC: 10    Str:  6    XL:     20   Next: 43%
Magic:  8/44       EV: 32    Int: 33    God:    Vehumet [******]
Gold:   3148       SH:  0    Dex: 20    Spells: 14/57 levels left
                                        Lives:  0   Deaths: 3

rFire    . . .     SeeInvis +   (weapon unavailable)
rCold    + . .     Gourm    .   (shield unavailable)
rNeg     + . .     Faith    .   (armour unavailable)
rPois    .         Spirit   .   (helmet unavailable)
rElec    +         Reflect  .   (cloak unavailable)
rCorr    .         Harm     +   (gloves unavailable)
MR       +++..                  (boots unavailable)
Stlth    ++++++....             M - amulet "Leopye Vevo" {Harm *Drain rElec Str+2 Int+4}
HPRegen  0.29/turn              i - ring of Rah Gent {Int+4 Dex+3}
MPRegen  0.29/turn              n - ring "Ebunev" {rN+ AC+5 Stlth+}

@: about to teleport, studying Necromancy, lightly drained, invisible, quick
A: very small, no armour, no weapons or thrown items, stealth, claws 1, fangs 3,
molten scales 1, see invisible, carnivore, speed 1, sense surroundings 1, robust
2, shaggy fur 3, slow metabolism 1, sharp paws
}: 2/15 runes: decaying, serpentine
a: Renounce Religion


You were on level 5 of the Abyss.
You worshipped Vehumet.
Vehumet was exalted by your worship.
You were completely stuffed.

You visited 8 branches of the dungeon, and saw 40 of its levels.
You visited the Abyss 1 time.

You collected 3949 gold pieces.
You spent 801 gold pieces at shops.

Inventory:

Jewellery
 c - an uncursed ring of fire
   (You took it off an orc knight on level 2 of the Vaults)
 i - the ring of Rah Gent (left paw) {Int+4 Dex+3}
   (You found it on level 5 of the Dungeon)

   [ring of dexterity]

   It affects your intelligence (+4).
   It affects your dexterity (+3).
 n - the ring "Ebunev" (right paw) {rN+ AC+5 Stlth+}
   (You found it on level 10 of the Dungeon)

   [ring of protection]

   It affects your AC (+5).
   It protects you from negative energy.
   It makes you more stealthy.
 p - an uncursed ring of wizardry
   (You found it on level 7 of the Dungeon)
 x - an uncursed ring of protection from magic
   (You found it on level 13 of the Dungeon)
 B - an uncursed ring of poison resistance
   (You found it on level 4 of the Lair of Beasts)
 M - the amulet "Leopye Vevo" (around neck) {Harm *Drain rElec Str+2 Int+4}
   (You acquired it on level 4 of the Vaults)

   [amulet of harm]

   It increases damage dealt and taken.
   It affects your strength (+2).
   It affects your intelligence (+4).
   It insulates you from electricity.
   It causes draining when unequipped.
 R - the ring of Vedausud {Ice Int+2}
   (You took it off a deep elf death mage on level 3 of the Elven Halls)

   [ring of ice]

   It enhances your ice magic.
   It affects your intelligence (+2).
   It makes you vulnerable to fire.
   It protects you from cold.
Wands
 d - a wand of iceblast (9)
   (You found it on level 3 of the Vaults)
 t - a wand of flame (29)
   (You took it off Natasha on level 4 of the Dungeon)
 u - a wand of paralysis (19)
   (You bought it in a shop on level 12 of the Dungeon)
 v - a wand of digging (21)
   (You found it on level 2 of the Lair of Beasts)
 A - a wand of polymorph (35)
   (You found it on level 14 of the Dungeon)
 D - a wand of enslavement (11)
   (You found it on level 14 of the Dungeon)
Scrolls
 a - 4 scrolls of immolation
 f - 6 scrolls of amnesia
 h - 8 scrolls of teleportation
 k - 18 scrolls of remove curse
 s - a scroll of acquirement
 w - 2 scrolls of blinking
 y - a scroll of silence
 E - 14 scrolls of identify
 H - 5 scrolls of magic mapping
 I - 5 scrolls of vulnerability
 J - 4 scrolls of fog
 Q - a scroll of summoning
Potions
 b - 4 potions of resistance
 g - 2 potions of curing
 l - 3 potions of flight
 m - 7 potions of brilliance
 o - 5 potions of haste
 r - 3 potions of lignification
 z - 3 potions of invisibility
 F - 3 potions of magic
 G - 3 potions of mutation
 K - 2 potions of cancellation
 N - 2 potions of ambrosia
Books
 q - a manual of Necromancy
   (You found it on level 7 of the Dungeon)
Miscellaneous
 C - a crystal ball of energy
   (You found it on level 5 of the Lair of Beasts)
 L - a fan of gales
   (You found it on level 12 of the Dungeon)
 O - a lamp of fire (inert)
   (You found it on level 4 of the Swamp)
 P - a phial of floods
   (You found it on level 3 of the Elven Halls)
 T - a tin of tremorstones
 U - a lightning rod (4/4)
   (You found it on level 3 of the Elven Halls)
Comestibles
 e - 60 rations
 j - 6 chunks of flesh


   Skills:
 + Level 16.7(16.6) Fighting
 + Level 15.0 Dodging
 - Level 10.0(9.9) Stealth
 * Level 19.3 Spellcasting
 - Level 8.1(8.0) Conjurations
 * Level 21.0(20.9) Air Magic
 - Level 10.0(9.9) Evocations


You had 14 spell levels left.
You knew the following spells:

 Your Spells              Type           Power        Failure   Level  Hunger
a - Shock                 Conj/Air       ####         0%          1    None
b - Lightning Bolt        Conj/Air       #######...   1%          5    None
c - Airstrike             Air            ########..   0%          4    None
e - Passwall              Tmut/Erth      ####....     1%          2    None
f - Chain Lightning       Conj/Air       #######...   5%          8    #####..
q - Conjure Ball Lightni  Conj/Air       #######...   1%          6    None
w - Blink                 Tloc           N/A          1%          2    None
x - Tornado               Air            ########..   5%          9    ######.
z - Freezing Cloud        Conj/Ice/Air   #######...   1%          6    None

Your spell library contained the following spells:

 Spells                   Type           Power        Failure   Level  Hunger
 Fire Storm               Conj/Fire      ######....   100%        9    ######.
 Static Discharge         Conj/Air       #######.     0%          3    None
 Corona                   Hex            ####...      1%          1    None
 Foxfire                  Conj/Fire      ####         1%          1    None
 Infusion                 Chrm           ####         1%          1    None
 Magic Dart               Conj           ####         1%          1    None
 Sandblast                Erth           ####..       1%          1    None
 Sting                    Tmut/Pois      ####         1%          1    None
 Summon Butterflies       Summ           ####....     1%          1    None
 Call Imp                 Summ           ####....     1%          2    None
 Ensorcelled Hibernation  Hex/Ice        ####..       1%          2    None
 Poisonous Vapours        Pois/Air       ######       1%          2    None
 Shroud of Golubria       Chrm/Tloc      ####..       1%          2    None
 Slow                     Hex            ####....     1%          2    None
 Song of Slaying          Chrm           ####....     1%          2    None
 Swiftness                Chrm/Air       #######.     1%          2    None
 Conjure Flame            Conj/Fire      ######..     1%          3    None
 Dazzling Flash           Conj/Hex       ######       1%          3    None
 Ignite Poison            Fire/Tmut/Pois ####....     1%          3    None
 Mephitic Cloud           Conj/Pois/Air  #######.     1%          3    None
 Stone Arrow              Conj/Erth      ######       1%          3    None
 Sticky Flame             Conj/Fire      ######..     1%          4    None
 Summon Lightning Spire   Summ/Air       #######.     1%          4    None
 Fireball                 Conj/Fire      ######....   1%          5    None
 Bolt of Magma            Conj/Fire/Erth #####.....   2%          5    None
 Call Canine Familiar     Summ           ####....     3%          3    None
 Confusing Touch          Hex            ####....     3%          3    None
 Ozocubu's Armour         Chrm/Ice       ####....     3%          3    None
 Tukima's Dance           Hex            ####....     3%          3    None
 Olgreb's Toxic Radiance  Pois           ####....     3%          4    None
 Lee's Rapid Deconstruct  Erth           ####......   9%          5    None
 Orb of Destruction       Conj           ######....   10%         7    ###....
 Ice Form                 Ice/Tmut       ####....     11%         4    None
 Petrify                  Tmut/Erth      ####....     11%         4    None
 Summon Ice Beast         Ice/Summ       ####....     11%         4    None
 Metabolic Englaciation   Hex/Ice        ####......   30%         5    None
 Summon Mana Viper        Hex/Summ       ####....     30%         5    None
 Ozocubu's Refrigeration  Ice            ####......   38%         6    None
 Simulacrum               Ice/Necr       ####......   86%         6    None
 Malign Gateway           Summ/Tloc      ####......   100%        7    ###....
 Ring of Flames           Chrm/Fire      ####......   100%        7    ###....
 Summon Hydra             Summ           ####......   100%        7    ###....
 Controlled Blink         Tloc           N/A          100%        8    #####..
 Ignition                 Fire           ####......   100%        8    #####..
 Shatter                  Erth           ####......   100%        9    ######.
 Spectral Weapon          Hex/Chrm       Unusable     N/A         3    N/A

Dungeon Overview and Level Annotations

Branches:
Dungeon (15/15)            Temple (0/1) D:6            Lair (6/6) D:8
  Swamp (4/4) Lair:4        Snake (4/4) Lair:3        Slime (0/5) Lair:5
    Orc (2/2) D:11            Elf (3/3) Orc:2        Vaults (4/5) D:14
  Crypt (0/3) Vaults:3     Depths (2/5) D:15

Altars:
Elyvilon
Fedhas
Hepliaklqana
Kikubaaqudgha
Ru
Sif Muna
Vehumet
Yredelemnul
Zin
The Shining One
Beogh

Shops:
D:6 [   D:7 (   D:12 *   Orc:2 [}!   Elf:2 ?[   Snake:1 [   Vaults:1 [
Vaults:3 %   Vaults:4 ?

Portals:
Hell: Depths:1
Ziggurat: Depths:1
Trove: Vaults:2 (give 14 scrolls of teleportation)

Annotations:
D:5 1 runed translucent door, Flugslaktarn's ghost, novice DDFi
D:8 3 runed translucent doors, barakagiga's ghost, novice MfSu
Orc:2 3 runed translucent doors, Lanoc's ghost, journeyman GnWr
Elf:2 3 runed translucent doors


Innate Abilities, Weirdness & Mutations

You cannot wear armour.
You are incapable of wielding weapons or throwing items.
Your paws allow you to move quietly. (Stealth)
You have sharp claws.
You have razor-sharp teeth.
You have supernaturally acute eyesight. (SInv)
You are carnivorous and can eat meat at any time.
You cover ground quickly.
Your thick and shaggy fur keeps you warm. (AC +3, rC+)
You have a slow metabolism.
Your sharp claws are effective at attacking unaware monsters.
You are partially covered in molten scales. (AC +2)
You passively map a small area around you.
You are very robust. (+20% HP)


Message History

* * * LOW HITPOINT WARNING * * *
You hold your ground!
The thrashing horror completely misses you.
You feel better.
The thrashing horror closely misses you.
The thrashing horror tramples you.
* * * LOW HITPOINT WARNING * * *
You hold your ground!
The thrashing horror completely misses you. x2
The thrashing horror tramples you but does no damage. x2
You feel better. The thrashing horror tramples you.
* * * LOW HITPOINT WARNING * * *
You hold your ground!
The thrashing horror closely misses you.
The thrashing horror tramples you!
* * * LOW HITPOINT WARNING * * *
You hold your ground!
The thrashing horror tramples you but does no damage.
The thrashing horror completely misses you.
The thrashing horror tramples you.
* * * LOW HITPOINT WARNING * * *
You hold your ground!
You feel better.
The thrashing horror completely misses you. x2
The thrashing horror misses you. The thrashing horror tramples you.
* * * LOW HITPOINT WARNING * * *
You hold your ground!
The thrashing horror completely misses you. x2
A deafening chorus of shrieks assaults your mind!
* * * LOW HITPOINT WARNING * * *
You feel better.
The thrashing horror tramples you but does no damage.
The thrashing horror closely misses you.
The thrashing horror completely misses you. x2
The thrashing horror tramples you.
* * * LOW HITPOINT WARNING * * *
You hold your ground!
The thrashing horror barely misses you.
A glowing orange brain comes into view.
Okay, then.
Here: a thrashing horror The floor.
Unknown command.
You fade into invisibility!
The thrashing horror completely misses you.
The thrashing horror barely misses you. x2
The thrashing horror tramples you but does no damage.
The thrashing horror completely misses you.
The thrashing horror closely misses you.
A deafening chorus of shrieks assaults your mind!
You die...

###...## #
#.. .G#.#.##
# . . .
##..##. # .
.. .
#.#.#...#
##.. ##.XX.#
## # .. .
#X#X# .... .
.XX##.. #.
#. .. #..X
#XX#... ..
..
.....#.##@##
. . .. .
...# ### . #
. .. # .
##.#. . . ##


You could see 6 starcursed masses, a glowing orange brain and 2 thrashing
horrors.

Vanquished Creatures
  Bai Suzhen (Vaults:2)
  Vashnia (Snake:3)
  Margery (Vaults:3)
  Jory (Vaults:4)
  A lich (Vaults:4)
  Jorgrun (Swamp:3)
  2 deep elf blademasters (Elf:3)
  5 deep elf master archers (Elf:3)
  Kirke (Swamp:2)
  3 thorn hunters
  A sphinx (Vaults:2)
  A tentacled starspawn (Abyss:5)
  Donald (Snake:1)
  3 tengu reavers (Vaults:2)
  9 nagarajas
  Aizul (Snake:1)
  A fire giant (Vaults:4)
  6 deep elf sorcerers
  2 frost giants
  An orc warlord (Orc:1)
  11 vault wardens
  9 ironheart preservers
  4 deep elf elementalists (Elf:3)
  3 stone giants
  2 very ugly things (D:14)
  2 entropy weavers
  5 deep elf demonologists
  A vampire knight (Depths:2)
  5 deep elf annihilators
  A dire elephant (Lair:5)
  3 ettins
  11 yaktaur captains
  6 deep elf death magi
  5 fire dragons
  2 great orbs of eyes
  3 ice dragons
  3 vault guards (Vaults:4)
  2 rakshasas
  2 deep elf high priests (Elf:3)
  16 hydras
  2 ghost crabs
  22 naga warriors
  3 catoblepae (Lair:6)
  13 anacondas
  A merfolk avatar (Swamp:3)
  5 alligators
  43 two-headed ogres
  4 shambling mangroves
  8 dancing weapons
  18 ogre magi
  8 centaur warriors
  11 death yaks
  A deep troll earth mage (Vaults:2)
  A tengu warrior (D:13)
  A spriggan berserker (Swamp:4)
  2 deep troll shamans (Vaults:2)
  Nergalle (Lair:1)
  16 naga sharpshooters
  4 orc high priests (Orc:2)
  3 shock serpents
  3 shadow wraiths
  11 deep elf knights
  Sonja (Lair:2)
  3 hell knights (Vaults:3)
  A death drake (shapeshifter) (Vaults:3)
  An iron troll (Depths:2)
  7 skeletal warriors
  2 flayed ghosts (Vaults:4)
  2 glowing orange brains
  5 deep trolls
  4 spriggan druids
  7 naga ritualists
  11 swamp dragons
  2 unseen horrors
  A lindwurm (Lair:3)
  Pikel (D:5)
  A necromancer (Vaults:3)
  11 deep elf archers
  22 orc knights
  8 ironbrand convokers
  5 wizards
  12 mana vipers
  3 wolf spiders
  7 orc sorcerers
  49 deep elf magi
  8 cyclopes
  25 ugly things
  13 salamanders
  Maurice (Orc:2)
  2 manticores (Lair:6)
  25 elephants
  21 guardian serpents
  29 black mambas
  2 rust devils
  21 naga magi
  10 vault sentinels
  5 gargoyles
  2 centaur skeletons
  24 spiny frogs
  8 komodo dragons
  A rime drake (Lair:6)
  28 yaktaurs
  3 freezing wraiths (Vaults:4)
  A polar bear (Lair:6)
  9 trolls
  A meliai (shapeshifter) (Depths:1)
  10 tyrant leeches
  23 hornets
  17 bog bodies
  Prince Ribbit (D:6)
  4 dream sheep (Lair:4)
  9 hippogriffs
  24 blink frogs
  4 shadows
  A meliai zombie (D:10)
  61 slime creatures
  3 air elementals
  A spriggan (shapeshifter) (Vaults:2)
  A redback (Vaults:1)
  2 water elementals (Elf:2)
  12 spriggans
  2 vampires
  7 hogs
  2 humans
  A tarantella (Vaults:4)
  5 wraiths
  2 wyverns (D:8)
  3 basilisks
  55 yaks
  2 fire elementals
  4 hungry ghosts
  A hog (shapeshifter) (Vaults:2)
  A steam dragon (D:8)
  22 vampire mosquitoes
  A human simulacrum (Vaults:2)
  15 swamp worms
  A warg (shapeshifter) (Vaults:4)
  10 insubstantial wisps
  8 wargs
  49 nagas
  5 acid dragons
  12 water moccasins
  6 porcupines
  A soldier ant (D:10)
  17 swamp drakes
  40 orc warriors
  4 sky beasts
  4 slaves
  6 ice beasts
  An eye of draining (D:10)
  32 ogres
  An eye of draining (shapeshifter) (Vaults:2)
  2 necrophages
  2 phantoms
  A black bear (D:8)
  A hornet zombie (D:13)
  5 boggarts
  10 wolves
  22 centaurs
  16 crocodiles
  3 big kobolds (D:14)
  24 bullfrogs
  A gnoll sergeant (D:12)
  2 earth elementals (Elf:3)
  2 spectral wargs (Depths:2)
  A wyvern skeleton (D:10)
  4 scorpions
  12 killer bees
  25 wights
  4 electric eels
  3 howler monkeys
  5 crimson imps
  2 bullfrog zombies
  3 centaur zombies
  2 quasits
  5 hounds
  A gnoll shaman (D:8)
  8 jellies
  34 orc wizards
  26 orc priests
  4 bullfrog skeletons
  Natasha (thrice) (D:4)
  4 iguanas
  10 worker ants
  A hound zombie (D:7)
  2 hound skeletons
  A worker ant zombie (D:8)
  13 gnolls
  11 adders
  4 shadow imps
  5 oozes
  2 adder skeletons (D:4)
  3 worms
  A dart slug (D:4)
  4 leopard geckos
  103 orcs
  5 bats
  5 giant cockroaches
  5 goblins
  6 hobgoblins
  6 quokkas
  A ball python (D:1)
  7 frilled lizards
  A giant cockroach zombie (D:5)
  9 kobolds
  4 rats
  4 crawling corpses (Elf:3)
  3 plants
1671 creatures vanquished.

Vanquished Creatures (collateral kills)
  Sojobo (Vaults:2)
  A hell knight (Vaults:3)
  A necromancer (Vaults:3)
3 creatures vanquished.

Vanquished Creatures (others)
  A sphinx (Vaults:2)
  A naga sharpshooter (Snake:3)
  3 ball lightnings (Snake:3)
  2 vault sentinels (Vaults:2)
  A yaktaur (Vaults:4)
  A slime creature (Depths:1)
  A basilisk (Lair:5)
  An orc (Orc:2)
  A quokka (D:9)
  24 fungi
  16 plants
  2 starspawn tentacles (Abyss:5)
54 creatures vanquished.

Grand Total: 1728 creatures vanquished

Notes
Turn   | Place    | Note
-------+----------+-------------------------------------------
     0 | D:1      | vurker the Felid Air Elementalist began the quest for the
                  | Orb.
     0 | D:1      | Reached XP level 1. HP: 7/7 MP: 4/4
    40 | D:1      | Reached skill level 1 in Conjurations
   230 | D:1      | Reached XP level 2. HP: 11/11 MP: 3/6
   375 | D:1      | Reached skill level 3 in Air Magic
   803 | D:1      | Reached XP level 3. HP: 15/15 MP: 4/7
  1399 | D:2      | Reached skill level 1 in Fighting
  2077 | D:2      | Reached XP level 4. HP: 16/19 MP: 1/9
  2963 | D:2      | Found a sacrificial altar of Ru.
  3387 | D:3      | Reached XP level 5. HP: 22/22 MP: 4/10
  3449 | D:3      | Learned a level 5 spell: Lightning Bolt
  3454 | D:3      | Learned a level 4 spell: Airstrike
  3948 | D:4      | Noticed a phantom
  4823 | D:4      | Noticed Natasha
  5034 | D:4      | Reached skill level 4 in Air Magic
  5142 | D:4      | Killed a phantom
  5142 | D:4      | Gained mutation: You are covered in thick fur. (AC +2)
                  | [Felid growth]
  5142 | D:4      | Reached XP level 6. HP: 23/26 MP: 0/12
  5491 | D:4      | Killed from afar by Natasha
  5492 | D:4      | Reached XP level 5. HP: 0/22 MP: 2/11
  5529 | D:4      | Found a radiant altar of Vehumet.
  5560 | D:4      | Became a worshipper of Vehumet
  6040 | D:3      | Reached XP level 6. HP: 25/27 MP: 9/13
  6328 | D:4      | Found a blossoming altar of Fedhas.
  6448 | D:4      | Found a shimmering blue altar of Sif Muna.
  6820 | D:4      | Killed Natasha
  7041 | D:4      | Found a radiant altar of Vehumet.
  7091 | D:4      | Found a blossoming altar of Fedhas.
  7213 | D:4      | Noticed Natasha
  7220 | D:4      | Killed Natasha
  7220 | D:4      | Reached skill level 5 in Air Magic
  7360 | D:4      | Found a shimmering blue altar of Sif Muna.
  7679 | D:4      | Noticed Natasha
  7683 | D:4      | Killed Natasha
  7704 | D:4      | Found a radiant altar of Vehumet.
  7936 | D:4      | Found a blossoming altar of Fedhas.
  8123 | D:4      | Found a shimmering blue altar of Sif Muna.
  8396 | D:5      | Entered Level 5 of the Dungeon
  8428 | D:5      | Noticed a sky beast
  8439 | D:5      | Killed a sky beast
  8439 | D:5      | Reached XP level 7. HP: 31/31 MP: 2/15
  8698 | D:5      | Found a basalt altar of Yredelemnul.
  8776 | D:5      | Noticed a two-headed ogre
  9127 | D:5      | Found the +9 staff of Wucad Mu {channel}
  9129 | D:5      | Reached skill level 5 in Spellcasting
  9235 | D:5      | Killed a two-headed ogre
  9235 | D:5      | Reached skill level 6 in Air Magic
  9235 | D:5      | Reached XP level 8. HP: 36/36 MP: 2/18
  9405 | D:5      | Found a runed translucent door.
  9405 | D:5      | Noticed Flugslaktarn's ghost (novice DDFi)
  9462 | D:5      | Noticed Pikel
  9903 | D:5      | Found a hazy altar of Hepliaklqana.
  9904 | D:5      | Got a twitching platinum ring
  9905 | D:5      | Identified the ring of Rah Gent {Int+4 Dex+3} (You found it
                  | on level 5 of the Dungeon)
  9906 | D:5      | Found a glowing silver altar of Zin.
  9987 | D:5      | Killed Pikel
 10267 | D:6      | Reached XP level 9. HP: 39/39 MP: 10/19
 10290 | D:6      | Reached skill level 7 in Air Magic
 10413 | D:6      | Reached * piety under Vehumet
 10413 | D:6      | Offered knowledge of Magic Dart by Vehumet.
 10994 | D:6      | Found a staircase to the Ecumenical Temple.
 11063 | D:6      | Found a blossoming altar of Fedhas.
 11148 | D:6      | Noticed Prince Ribbit
 11151 | D:6      | Killed Prince Ribbit
 11151 | D:6      | Reached skill level 5 in Fighting
 11326 | D:6      | Found Toyhosoe's Armour Shop.
 11530 | D:7      | Found a glowing golden altar of the Shining One.
 11599 | D:7      | Reached skill level 5 in Conjurations
 11654 | D:7      | Found Plog's Weapon Boutique.
 12191 | D:6      | Reached skill level 8 in Air Magic
 12858 | D:7      | Reached XP level 10. HP: 45/45 MP: 13/22
 13242 | D:8      | Noticed a gargoyle
 13244 | D:8      | Killed a gargoyle
 13779 | D:8      | Noticed a two-headed ogre
 13790 | D:8      | Killed a two-headed ogre
 13948 | D:8      | Offered knowledge of Searing Ray by Vehumet.
 13958 | D:8      | Reached ** piety under Vehumet
 14369 | D:8      | Reached skill level 9 in Air Magic
 14785 | D:8      | Found a runed translucent gate.
 14786 | D:8      | Found a runed translucent gate.
 14786 | D:8      | Noticed barakagiga's ghost (novice MfSu)
 14787 | D:8      | Found a runed translucent gate.
 15105 | D:8      | Found a staircase to the Lair.
 16093 | D:8      | Noticed a rust devil
 16093 | D:8      | Noticed a rust devil
 16097 | D:8      | Killed a rust devil
 16097 | D:8      | Reached XP level 11. HP: 49/49 MP: 11/25
 16529 | D:8      | Offered knowledge of Inner Flame by Vehumet.
 17007 | D:9      | Found a white marble altar of Elyvilon.
 17295 | D:9      | Reached *** piety under Vehumet
 17436 | D:10     | Entered Level 10 of the Dungeon
 17860 | D:10     | Noticed a two-headed ogre
 18075 | D:10     | Offered knowledge of Sticky Flame by Vehumet.
 18246 | D:10     | Killed a two-headed ogre
 18484 | D:10     | Reached skill level 10 in Air Magic
 19002 | D:10     | Noticed a two-headed ogre
 19008 | D:10     | Killed a two-headed ogre
 19008 | D:10     | Reached skill level 10 in Spellcasting
 19257 | D:10     | Reached **** piety under Vehumet
 19515 | D:10     | Noticed a two-headed ogre
 19540 | D:10     | Killed a two-headed ogre
 19669 | D:10     | Identified the Disquisition on Talismans and the Compass
 19670 | D:10     | Got a pitted wooden ring
 20548 | D:11     | Noticed a green ugly thing
 20559 | D:10     | Killed a green ugly thing
 20644 | D:11     | Offered knowledge of Yara's Violent Unravelling by Vehumet.
 20747 | D:11     | Gained mutation: Your thick and shaggy fur keeps you warm.
                  | (AC +3, rC+) [Felid growth]
 20747 | D:11     | Reached XP level 12. HP: 55/55 MP: 16/27
 21411 | D:11     | Noticed a centaur warrior
 21685 | D:11     | Killed a centaur warrior
 21891 | D:11     | Found a staircase to the Orcish Mines.
 22236 | D:11     | Identified the ring "Ebunev" {rN+ AC+5 Stlth+} (You found
                  | it on level 10 of the Dungeon)
 22764 | Lair:1   | Entered Level 1 of the Lair of Beasts
 22922 | Lair:1   | Reached skill level 11 in Air Magic
 23021 | Lair:1   | Reached skill level 1 in Evocations
 23340 | Lair:1   | Noticed Nergalle
 23347 | Lair:1   | Killed Nergalle
 23394 | Lair:1   | Noticed a five-headed hydra
 23418 | Lair:1   | Killed a five-headed hydra
 24294 | Lair:2   | Noticed Sonja
 24320 | Lair:2   | Noticed an eight-headed hydra
 24325 | Lair:2   | Killed an eight-headed hydra
 24744 | Lair:2   | Killed Sonja
 24787 | Lair:2   | Reached skill level 5 in Dodging
 25489 | Lair:2   | Reached ***** piety under Vehumet
 25775 | Lair:2   | Offered knowledge of Spellforged Servitor by Vehumet.
 25991 | Lair:2   | Reached XP level 13. HP: 60/60 MP: 10/29
 27206 | Lair:3   | Found a staircase to the Snake Pit.
 27929 | Lair:3   | Reached skill level 12 in Air Magic
 28784 | Lair:3   | Found a staircase to the Snake Pit.
 29784 | Lair:4   | Identified Keoh's Reference Book on Talismans and Fire
 29860 | Lair:4   | Found a staircase to the Swamp.
 30445 | Lair:4   | Reached skill level 5 in Evocations
 31678 | Lair:5   | Noticed a dire elephant
 33079 | Lair:5   | Killed a dire elephant
 33719 | Lair:5   | Offered knowledge of Fireball by Vehumet.
 34396 | Lair:5   | Reached XP level 14. HP: 65/65 MP: 15/31
 34582 | Lair:5   | Found a staircase to the Slime Pits.
 35620 | Lair:5   | Gained mutation: You passively map a small area around you.
                  | [potion of mutation]
 35620 | Lair:5   | Gained mutation: You are robust. (+10% HP) [potion of
                  | mutation]
 35620 | Lair:5   | Gained mutation: You are partially covered in molten
                  | scales. (AC +2) [potion of mutation]
 35620 | Lair:5   | Gained mutation: You are very robust. (+20% HP) [potion of
                  | mutation]
 35674 | Lair:6   | Entered Level 6 of the Lair of Beasts
 36649 | Lair:6   | Reached skill level 10 in Fighting
 36876 | Lair:6   | Reached skill level 13 in Air Magic
 40502 | Orc:1    | Entered Level 1 of the Orcish Mines
 40506 | Orc:1    | You fall into a shaft and drop 1 floor!
 40506 | Orc:2    | Entered Level 2 of the Orcish Mines
 40507 | Orc:2    | Noticed a stone giant
 40517 | Orc:2    | Found a runed translucent gate.
 40517 | Orc:2    | Found a runed translucent gate.
 40517 | Orc:2    | Found a runed translucent gate.
 40712 | Orc:2    | Noticed Maurice
 40717 | Orc:2    | Killed Maurice
 40834 | Orc:2    | Noticed Lanoc's ghost (journeyman GnWr)
 41776 | Orc:2    | Found a roughly hewn altar of Beogh.
 42715 | Orc:1    | Noticed an orc warlord
 42878 | Orc:2    | Found a staircase to the Elven Halls.
 43536 | Orc:2    | Offered knowledge of Orb of Destruction by Vehumet.
 43806 | Orc:2    | Reached XP level 15. HP: 84/84 MP: 24/33
 44116 | Orc:2    | Found Exiduadgh's Antique Armour Shop.
 44120 | Orc:2    | Found Sekoij's Magic Scroll Emporium.
 44319 | Orc:2    | Found Xodghiji's Distillery.
 44321 | Orc:2    | Found Essued's Gadget Shop.
 45158 | Orc:1    | Killed an orc warlord
 45158 | Orc:1    | Reached skill level 10 in Dodging
 45353 | D:12     | Found Udocotil's General Store.
 45389 | D:12     | Bought a wand of paralysis (12) for 196 gold pieces
 45389 | D:12     | Bought a scroll of vulnerability for 105 gold pieces
 45389 | D:12     | Bought a scroll of fog for 28 gold pieces
 45389 | D:12     | Bought a potion of cancellation for 112 gold pieces
 47157 | D:13     | Reached skill level 14 in Air Magic
 48483 | D:13     | Offered knowledge of Freezing Cloud by Vehumet.
 50287 | D:14     | Found a gate to the Vaults.
 50652 | D:14     | Learned a level 6 spell: Freezing Cloud
 50655 | D:14     | Learned a level 2 spell: Blink
 51000 | D:15     | Entered Level 15 of the Dungeon
 51000 | D:15     | Found Boir's Jewellery Shop.
 52121 | D:15     | Found a staircase to the Depths.
 52608 | Lair:4   | Upgraded the game from 0.25-a0-566-g062765be81 to
                  | 0.25-a0-571-gb5e01bddfa
 52611 | Swamp:1  | Entered Level 1 of the Swamp
 54603 | Swamp:1  | Reached XP level 16. HP: 82/90 MP: 9/35
 54612 | Swamp:1  | Reached skill level 10 in Evocations
 54834 | Swamp:1  | Offered knowledge of Conjure Ball Lightning by Vehumet.
 54842 | Swamp:1  | Learned a level 6 spell: Conjure Ball Lightning
 56215 | Swamp:2  | Noticed Kirke
 56349 | Swamp:2  | Noticed a sphinx
 56576 | Swamp:2  | Killed Kirke
 57819 | Swamp:2  | Reached skill level 15 in Air Magic
 58824 | Swamp:3  | Noticed Jorgrun
 58832 | Swamp:3  | Killed Jorgrun
 58832 | Swamp:3  | Reached skill level 15 in Spellcasting
 59389 | Swamp:3  | Identified the cursed +1 scale mail "Damnable Contraption"
                  | {rPois rC- Int+3 Dex+8}
 59821 | Swamp:3  | Noticed a thorn hunter
 59827 | Swamp:3  | Killed a thorn hunter
 60564 | Snake:1  | Entered Level 1 of the Snake Pit
 61010 | Snake:1  | Found Veri's Specialty Armours.
 61255 | Snake:1  | Noticed Aizul
 61899 | Snake:1  | Killed Aizul
 62130 | Snake:1  | Noticed Donald
 62136 | Snake:1  | Killed Donald
 63431 | Snake:2  | Found the +7 sceptre of Torment {pain, torment}
 63626 | Snake:2  | Offered knowledge of Iron Shot by Vehumet.
 63961 | Snake:2  | Reached XP level 17. HP: 94/94 MP: 22/37
 66680 | Snake:3  | Reached skill level 5 in Stealth
 67768 | Snake:3  | Noticed Vashnia
 69904 | Snake:3  | Reached skill level 16 in Air Magic
 71095 | Snake:3  | Killed Vashnia
 72095 | Snake:4  | Entered Level 4 of the Snake Pit
 73566 | Snake:4  | Offered knowledge of Ozocubu's Refrigeration by Vehumet.
 76556 | Snake:4  | Reached XP level 18. HP: 96/102 MP: 1/39
 80011 | Snake:4  | Learned a level 2 spell: Passwall
 81211 | Snake:4  | Got a serpentine rune of Zot
 81867 | Swamp:4  | Entered Level 4 of the Swamp
 83811 | Swamp:4  | Reached skill level 17 in Air Magic
 85491 | Swamp:4  | Got a decaying rune of Zot
 85795 | Elf:1    | Entered Level 1 of the Elven Halls
 86173 | Elf:1    | Reached skill level 10 in Stealth
 86258 | Elf:1    | Noticed a Hell Sentinel
 86745 | Elf:1    | Identified Wesosy's Grimoire of Calling
 86820 | Elf:1    | Reached XP level 19. HP: 43/108 MP: 7/41
 88106 | Elf:2    | Reached ****** piety under Vehumet
 88424 | Elf:2    | Offered knowledge of Fire Storm by Vehumet.
 88424 | Elf:2    | Offered knowledge of Chain Lightning by Vehumet.
 88424 | Elf:2    | Offered knowledge of Tornado by Vehumet.
 88437 | Elf:2    | Learned a level 9 spell: Tornado
 88446 | Elf:2    | Learned a level 8 spell: Chain Lightning
 88703 | Elf:2    | Found Goradd's Magic Scroll Boutique.
 88711 | Elf:2    | Found Munkoaxi's Armour Shop.
 89102 | Elf:2    | Found a runed translucent gate.
 89102 | Elf:2    | Found a runed translucent gate.
 89102 | Elf:2    | Found a runed translucent gate.
 89145 | Elf:3    | Entered Level 3 of the Elven Halls
 89458 | Elf:3    | Reached skill level 15 in Dodging
 90591 | Elf:3    | Identified the ring of Vedausud {Ice Int+2}
 91158 | Elf:3    | Identified the +10 short sword of the Coward {vamp, rC++
                  | rN++ Stlth-}
 91318 | Elf:3    | Reached skill level 18 in Air Magic
 91551 | Elf:3    | Identified the +2 leather armour of Terror {Str+4 Slay+5}
 92587 | Elf:3    | HP: 2/109 [deep elf master archer/arrow (18)]
 93287 | Elf:3    | Identified Laloesm's Catalogue of the Fiery Rocks
 94269 | Vaults:1 | Entered Level 1 of the Vaults
 96096 | Vaults:1 | Reached XP level 20. HP: 115/115 MP: 7/42
 97172 | Vaults:1 | Found Fijiete's Armour Boutique.
100108 | Vaults:1 | Reached skill level 19 in Air Magic
100156 | Vaults:1 | Reached skill level 15 in Fighting
100420 | Vaults:2 | Noticed Bai Suzhen
100835 | Vaults:2 | Found a portal to a secret trove of treasure.
100878 | Vaults:2 | Killed from afar by Bai Suzhen
100879 | Vaults:2 | Reached XP level 19. HP: -27/111 MP: 9/42
100969 | Vaults:2 | Noticed Sojobo
100996 | Vaults:2 | HP: 5/111 [poisoned by a tengu reaver (poison gas)]
100996 | Vaults:2 | Killed Sojobo
101004 | Vaults:2 | Slain by a tengu reaver
101005 | Vaults:2 | Reached XP level 18. HP: -3/106 MP: 10/41
101999 | Vaults:2 | Killed Bai Suzhen
103501 | Vaults:2 | Reached XP level 19. HP: 111/111 MP: 33/42
104956 | Vaults:2 | You fall into a shaft and drop 2 floors!
105347 | Vaults:3 | Noticed Margery
105367 | Vaults:3 | Identified the ring of Ylueh Fariwo {+Fly Str-2 Int+4
                  | Slay+2}
105836 | Vaults:3 | Found Laxkogacet's Food Boutique.
106176 | Vaults:3 | Found a staircase to the Crypt.
106459 | Vaults:3 | Killed Margery
106459 | Vaults:3 | Reached skill level 20 in Air Magic
110964 | Vaults:4 | Reached XP level 20. HP: 118/118 MP: 23/44
111924 | Vaults:4 | Found Ifakloff's Magic Scroll Shop.
111993 | Vaults:4 | Bought a scroll of blinking for 135 gold pieces
111993 | Vaults:4 | Bought a scroll of summoning for 171 gold pieces
111993 | Vaults:4 | Bought a scroll of teleportation for 54 gold pieces
112908 | Vaults:4 | Noticed Jory
112918 | Vaults:4 | Killed Jory
113036 | Vaults:4 | Identified 2 scrolls of acquirement
113042 | Vaults:4 | Identified Moaledghe's Handbook of Aid and Venom (You
                  | acquired it on level 4 of the Vaults)
113042 | Vaults:4 | Identified the amulet "Leopye Vevo" {Harm *Drain rElec
                  | Str+2 Int+4} (You acquired it on level 4 of the Vaults)
113354 | Depths:1 | Entered Level 1 of the Depths
113367 | Depths:1 | Found a gateway to a ziggurat.
113690 | Depths:1 | Found a gateway to Hell.
113705 | Depths:1 | You fall into a shaft and drop 1 floor!
113707 | Depths:2 | Found an ancient bone altar of Kikubaaqudgha.
114189 | Depths:2 | Identified the amulet of Viahix {+Rage MR+ Str-4 Dex+3}
                  | (You acquired it on level 2 of the Depths)
114189 | Depths:2 | Identified the Compendium of Attacks (You acquired it on
                  | level 2 of the Depths)
114234 | Depths:2 | Reached skill level 21 in Air Magic
114581 | Depths:2 | Identified the +1 animal skin of Terror {-Cast rC++ Regen+
                  | Str+3}
114618 | Depths:2 | Noticed an ancient lich
114627 | Depths:2 | Cast into level 5 of the Abyss (an ancient lich)
114627 | Abyss:5  | Entered Level 5 of the Abyss
114700 | Abyss:5  | HP: 2/118 [starcursed mass/accursed screaming (14)]
114702 | Abyss:5  | Killed from afar by a starcursed mass

Levels and vault maps discovered:
D:1:      roderic_octagonal_star, layout_basic
D:2:      layout_basic, first_ration, serial_bayou_pond_a, kennysheep_donut,
          nicolae_ru_the_path_less_chosen
D:3:      layout_basic
D:4:      layout_basic, marbit_many_paths, vehumet_crystals,
          lemuel_blue_sif_altar, uniq_natasha
D:5:      layout_basic, nicolae_overflow_crystal_walls,
          chequers_temple_overflow_statue_of_worship, gammafunk_ghost_grave,
          uniq_pikel
D:6:      layout_basic, minmay_temple_entry_glassed_door, serial_shops,
          kennysheep_mini, fedhas_bush_and_centaur_altar, uniq_prince_ribbit1
D:7:      layout_basic, lemuel_crystal_altar, serial_shops, shop,
          grunt_livestock, minmay_manual_moon
D:8:      cheibrodos_iron_armory, layout_basic, lair_entry_dummy,
          gammafunk_ghost_nasty_kobolds, minmay_starry_boxes
D:9:      layout_basic, elyvilon_altar_4
D:10:     layout_roguey, st_stairs_3, minmay_the_grid_2x2
          [minmay_the_grid_all_tris, minmay_the_grid_plusring,
          minmay_the_grid_tree, minmay_the_grid_prize_shrinking_boxes]
D:11:     layout_long_grid, erik_orc_4
D:12:     layout_big_octagon, serial_shops, shop
D:13:     layout_roguey
D:14:     layout_loops_corners, hangedman_vaults_entry_quadrant_bands,
          serial_glass, glass_columns_b, glass_columns_b, minmay_holes,
          minmay_misc_feat_iff
D:15:     grunt_enter_depths_hoard, layout_layer_cave, serial_shops, shop,
          minmay_misc_feat_x, minmay_microvault
Lair:1:   layout_layer_cave, lemuel_fruit_tree, infiniplex_staircase_pool,
          uniq_nergalle
Lair:2:   wad_woods_structure_01, layout_chaotic_city, serial_bayou_lagoon_b,
          uniq_sonja
Lair:3:   layout_regular_city, dummy_snake_entry,
          nicolae_volcano_entry_vermiform, grunt_megastairs_4
Lair:4:   layout_small_grid, swamp_mist_pool
Lair:5:   beast_lair_carwin_large_4, layout_cave_pods,
          nicolae_slime_entry_slimehenge, serial_bayou_lake_a
Lair:6:   evilmike_catoblepas_cave, layout_cave_pods
Swamp:1:  layout_basic_swamp, evilmike_swamp_ruin_rubble_2, swamp_pool1
Swamp:2:  layout_basic_swamp, hangedman_swamp_blocks, swamp_pool4,
          hangedman_swamp_pad, uniq_kirke
Swamp:3:  layout_basic_swamp, nicolae_swamp_feature_on_the_river_bank,
          grunt_lady_of_the_lake, uniq_jorgrun
Swamp:4:  swamp_basic_johnstein, layout_basic_swamp
Snake:1:  layout_onion, nicolae_barding_shop, grunt_megastairs_2, uniq_aizul,
          uniq_donald
Snake:2:  layout_grid_maze, grunt_ministairs_11
Snake:3:  layout_cave_pods, uniq_vashnia
Snake:4:  grunt_snake_rune_serpentine_throne, layout_misc_corridors,
          nrook_guardian_serpent_double
Orc:1:    layout_caves
Orc:2:    st_orc_elflike, layout_diamond_mine, maelrawn_ghost_gauntlet_escape,
          basic_altar, uniq_maurice
Elf:1:    eino_elf_arrival_shootout, layout_geoelf_grid, minmay_elf_demonology,
          dk_noncrumbling_2
Elf:2:    layout_geoelf_grid, serial_shops, shop, nicolae_shop_crystal
Elf:3:    minmay_elf_hall, layout_loops_corners, serial_sigils_hangedman_writhe
Vaults:1: v_alt_pattern_5, v_pattern_5, ontoclasm_vaults_fault,
          vaults_dpeg_spiral, ontoclasm_vaults_hangar, v_misc_15,
          vaults_mumra_chevron_long, st_lines, grunt_vaults_twisty,
          hangedman_vaults_corner, nicolae_vaults_diagonal_hallway_8, v_misc_2,
          vaults_room_grunt_arrival_ludios, layout_vaults_ring, serial_shops,
          shop
Vaults:2: hangedman_vaults_capsules, v_misc_28, ontoclasm_vaults_chip,
          ontoclasm_vaults_ring_square, ontoclasm_vaults_decontamination,
          v_rooms_3, vaults_room_octagon, dpeg_vaults_waves,
          vaults_room_semicircle, hangedman_vaults_trim, layout_vaults_omnibox,
          enter_trove_0, uniq_sojobo, uniq_bai_suzhen
Vaults:3: nicolae_vaults_network_barrier, grunt_vaults_diagonal,
          ontoclasm_vaults_ligature, nicolae_vaults_yaktaur_gun_rack,
          ontoclasm_vaults_shuriken, ontoclasm_vaults_twist,
          layout_vaults_omnigrid, dummy_crypt_entry, serial_shops,
          nicolae_shop_statue_plus, uniq_margery
Vaults:4: v_misc_3, nicolae_vaults_alarming, grunt_vaults_funnel, v_rooms_2,
          dpeg_vaults_monster_doublerow, v_alt_pattern_1,
          vaults_mumra_minichess_inversion, hangedman_vaults_corner_blocks,
          layout_vaults_chaotic_city, serial_shops, shop_fountains, uniq_jory
Depths:1: layout_cave_shapes, enter_ziggurat_f, hell_entry, serial_bayou_ford_a,
          minmay_misc_feat_rugged, kennysheep_flooded_box,
          minmay_misc_feat_four_crosses, roderic_lattice_a,
          chequers_serial_rivers_micro_c, fake_guardian_serpent_vault,
          firewood_loft
Depths:2: grated_community_mu [grated_community_mu_vampire_home,
          grated_community_mu_giant_home, grated_community_mu_spellcaster_home,
          grated_community_mu_orcish_home, grated_community_mu_troll_home,
          grated_community_mu_taur_home, grated_community_mu_unbuilt_plot],
          layout_twisted_cross, grunt_hell_entry_dis_grunt,
          kennysheep_another_room
Abyss:5:  base: D:14, evilmike_nicolae_abyss_rune_betentacled_crabyss,
          hangedman_elemental_corridor

Skill      XL: |  1  2  3  4  5  6  7  8  9 10 11 12 13 14 15 16 17 18 19 20 |
---------------+-------------------------------------------------------------+-----
Conjurations   | 1 2 3 4 5 7 8 |  8.1
Air Magic      | 3 4 5 6 8 9 10 11 12 13 14 15 16 17 20 21 | 21.0
Fighting       | 1 2 3 4 5 6 7 8 9 10 11 12 13 16 15 | 16.7
Spellcasting   | 3 4 6 7 9 10 11 12 13 14 15 16 17 19 18 | 19.3
Dodging        | 5 7 9 11 12 13 14 15 | 15.0
Evocations     | 3 5 7 9 10 | 10.0
Stealth        | 4 7 10 | 10.0

Action                   |  1- 3 |  4- 6 |  7- 9 | 10-12 | 13-15 | 16-18 | 19-21 || total
-------------------------+-------+-------+-------+-------+-------+-------+-------++-------
Melee: Unarmed           |    21 |    28 |     1 |     6 |    26 |    13 |    12 ||   107
       Bite              |     1 |     2 |       |       |     5 |     3 |     1 ||    12
 Cast: Shock             |    89 |   235 |    44 |    40 |    92 |    38 |    26 ||   564
       Airstrike         |       |     2 |    96 |   443 |   990 |  1393 |  1053 ||  3977
       Lightning Bolt    |       |       |       |     5 |   123 |    19 |    15 ||   162
       Freezing Cloud    |       |       |       |       |     8 |   108 |    72 ||   188
       Blink             |       |       |       |       |       |     3 |     8 ||    11
       Conjure Ball Ligh |       |       |       |       |       |     1 |       ||     1
       Tornado           |       |       |       |       |       |     7 |    29 ||    36
       Passwall          |       |       |       |       |       |     2 |       ||     2
       Chain Lightning   |       |       |       |       |       |       |     2 ||     2
Evoke: Wand              |       |       |    11 |       |    56 |    73 |    18 ||   158
       Crystal ball of e |       |       |       |       |     4 |     1 |     1 ||     6
       Fan of gales      |       |       |       |       |       |     2 |       ||     2
       Lamp of fire      |       |       |       |       |       |     2 |     1 ||     3
       Tin of tremorston |       |       |       |       |       |     2 |       ||     2
       Phial of floods   |       |       |       |       |       |     1 |     1 ||     2
       Phantom mirror    |       |       |       |       |       |     1 |     1 ||     2
       Box of beasts     |       |       |       |       |       |     1 |       ||     1
       Lightning rod     |       |       |       |       |       |       |    14 ||    14
  Use: Potion            |     1 |     6 |       |       |     1 |     6 |    11 ||    25
       Scroll            |       |       |    10 |     8 |     8 |    13 |    15 ||    54
  Eat: Chunk             |    10 |    15 |    19 |    30 |    64 |    80 |    77 ||   295
       Ration            |       |       |       |       |       |     8 |       ||     8
Armor: Skin              |     3 |     5 |     3 |     1 |    46 |    38 |    38 ||   134
Dodge: Dodged            |    35 |    97 |    32 |    41 |   338 |   541 |   399 ||  1483
Block: Other             |       |       |       |     5 |    37 |    40 |    24 ||   106
       Reflection        |       |       |       |       |    11 |     9 |     8 ||    28

Table legend:
 A = Non-vault XP
 B = Vault XP
 C = Vault XP percentage of total XP
 D = Non-vault monster count
 E = Vault monster count
 F = Vault count percentage of total count
                 A         B        C        D         E       F
            +---------+---------+-------+---------+---------+-------
      Total |  415161 |  304424 |  42.3 |    1218 |     454 |  27.2
            +---------+---------+-------+---------+---------+-------
        D:1 |      57 |       0 |   0.0 |      24 |       0 |   0.0
        D:2 |     112 |       0 |   0.0 |      18 |       0 |   0.0
        D:3 |      75 |       0 |   0.0 |      12 |       0 |   0.0
        D:4 |     653 |      36 |   5.2 |      23 |       1 |   4.2
        D:5 |    1436 |     651 |  31.2 |      18 |       1 |   5.3
        D:6 |     622 |     786 |  55.8 |      14 |       4 |  22.2
        D:7 |     979 |    1030 |  51.3 |      17 |       7 |  29.2
        D:8 |    3241 |    1012 |  23.8 |      30 |      10 |  25.0
        D:9 |    2379 |     614 |  20.5 |      27 |       2 |   6.9
       D:10 |    4703 |    3451 |  42.3 |      36 |      15 |  29.4
       D:11 |    2699 |     701 |  20.6 |      30 |      17 |  36.2
       D:12 |    5858 |       0 |   0.0 |      47 |       0 |   0.0
       D:13 |   11658 |       0 |   0.0 |      37 |       0 |   0.0
       D:14 |    8242 |    4814 |  36.9 |      18 |      14 |  43.8
       D:15 |    3251 |    2915 |  47.3 |      11 |       3 |  21.4
     Lair:1 |    4469 |     839 |  15.8 |      17 |       1 |   5.6
     Lair:2 |    7136 |    1604 |  18.4 |      29 |       7 |  19.4
     Lair:3 |    6847 |    1220 |  15.1 |      28 |       3 |   9.7
     Lair:4 |    9488 |    2406 |  20.2 |      33 |       6 |  15.4
     Lair:5 |    5833 |    5652 |  49.2 |      21 |      14 |  40.0
     Lair:6 |   11522 |   10882 |  48.6 |      33 |      23 |  41.1
    Swamp:1 |   16966 |     416 |   2.4 |      59 |       2 |   3.3
    Swamp:2 |   15568 |    2506 |  13.9 |      42 |       2 |   4.5
    Swamp:3 |   16292 |    3096 |  16.0 |      35 |       1 |   2.8
    Swamp:4 |    8298 |   19444 |  70.1 |      26 |      32 |  55.2
    Snake:1 |    4728 |    7125 |  60.1 |      11 |       7 |  38.9
    Snake:2 |   14469 |     960 |   6.2 |      26 |       2 |   7.1
    Snake:3 |   26757 |   10055 |  27.3 |      51 |       8 |  13.6
    Snake:4 |   27500 |   42288 |  60.6 |      52 |      61 |  54.0
      Orc:1 |    4885 |       0 |   0.0 |      32 |       0 |   0.0
      Orc:2 |    7518 |    8864 |  54.1 |      58 |      26 |  31.0
      Elf:1 |   18130 |    6379 |  26.0 |      29 |      10 |  25.6
      Elf:2 |   15863 |     886 |   5.3 |      26 |       1 |   3.7
      Elf:3 |    5801 |   47652 |  89.1 |      12 |      29 |  70.7
   Vaults:1 |   38817 |   22604 |  36.8 |      61 |      45 |  42.5
   Vaults:2 |   32739 |   34018 |  51.0 |      68 |      32 |  32.0
   Vaults:3 |   24153 |   10299 |  29.9 |      40 |      10 |  20.0
   Vaults:4 |   38474 |   41113 |  51.7 |      60 |      41 |  40.6
   Depths:1 |    4814 |       0 |   0.0 |       6 |       0 |   0.0
   Depths:2 |       0 |    8106 | 100.0 |       0 |      17 | 100.0
    Abyss:5 |    2129 |       0 |   0.0 |       1 |       0 |   0.0
            +---------+---------+-------+---------+---------+-------
